 Dungeon Crawl Stone Soup version 0.19-a0-1638-ga6c562e (webtiles) character file.

52 LORDOFBUTT the Sneak (level 3, 0/24 HPs)
             Began as an Octopode Assassin on Sept 20, 2016.
             Slain by a bat (1 damage)
             ... on level 2 of the Dungeon.
             The game lasted 00:00:52 (826 turns).

LORDOFBUTT the Sneak (Octopode Assassin)             Turns: 826, Time: 00:00:52

Health: 0/24       AC:  1    Str: 10    XL:     3   Next: 85%
Magic:  3/3        EV: 13    Int: 13    God:
Gold:   21         SH:  0    Dex: 14    Spells: 0 memorised, 2 levels left

rFire  . . .     SeeInvis .     b - +0 blowgun
rCold  . . .     Gourm    .     (no shield)
rNeg   . . .     Faith    .     (helmet restricted)
rPois  .         Spirit   .     (no amulet)
rElec  .         Dismiss  .     (no ring)
rCorr  .         Reflect  .     (no ring)
MR     .....     Harm     .     (no ring)
Stlth  +++++.....               (no ring)
                                (no ring)
                                (no ring)
                                (no ring)
                                (no ring)

@: no status effects
A: almost no armour, stealthy swim, amphibious, 8 rings, constrict 8, camouflage
1, gelatinous body 1
a: no special abilities


You were on level 2 of the Dungeon.
You were not hungry.

You visited 1 branch of the dungeon, and saw 2 of its levels.

You collected 21 gold pieces.

Inventory:

Hand Weapons
 a - a +2 dagger
 b - a +0 blowgun (weapon)
Missiles
 c - 17 poisoned needles (quivered)
 d - 2 curare-tipped needles
Scrolls
 e - a scroll of noise {unknown}
 h - 2 scrolls of identify {unknown}
 i - a scroll of fear {unknown}
 j - 3 scrolls of teleportation {unknown}
 m - a scroll of remove curse {unknown}
Potions
 g - a potion of curing {unknown}
 o - a potion of degeneration {unknown}
Comestibles
 f - 3 bread rations
 k - a royal jelly
 l - a slice of pizza
 n - a meat ration


   Skills:
 + Level 2.1 Fighting
 + Level 2.6 Short Blades
 + Level 2.0 Throwing
 + Level 1.1 Dodging
 + Level 6.7 Stealth


You had 2 spell levels left.
You didn't know any spells.

Dungeon Overview and Level Annotations

Branches:
Dungeon (2/15)

Altars:


Innate Abilities, Weirdness & Mutations

You cannot wear most types of armour.
You are very stealthy in the water.
You are amphibious.
You can wear up to eight rings at the same time.
You can use your tentacles to constrict eight enemies at once.
Your skin changes colour to match your surroundings (Stealth+).
Your rubbery body absorbs attacks. (AC +1, EV +1)


Message History

* * * LOW HITPOINT WARNING * * *
The bat barely misses you. The bat misses you.
Firing (i - inventory. (,) - cycle):
c - 19 poisoned needles (quivered)
Press: ? - help, Shift-Dir - straight line, f - gnoll
Aim: a gnoll, wielding a whip You shoot a poisoned needle.
The poisoned needle barely misses the gnoll.
The poisoned needle hits the hobgoblin!
The hobgoblin is poisoned.
The bat barely misses you. The gnoll hits you with a whip.
* * * LOW HITPOINT WARNING * * *
Firing (i - inventory. (,) - cycle):
c - 18 poisoned needles (quivered)
Press: ? - help, Shift-Dir - straight line, f/p - gnoll
Aim: a gnoll, wielding a whip You shoot a poisoned needle.
The poisoned needle hits the gnoll.
The gnoll is poisoned.
The bat hits you but does no damage. The bat completely misses you.
The gnoll misses you. The bat closely misses you. The bat hits you.
You die...

#####################.########
#......... # ###.####.## . ###
#####...#....# .####
#.#####...†...#...#
....######..##...#...###..#
....##.......#.##..##.....# ####
.......###.gggg##.###.#..#####...
....g.gg...#g(.b@................
.##....########...####..##.....#.
.#..##....####....#####...#....#.
g..######.##..(....#.......#..#..
#..# #.#..#.###.#.##.[..###...
##.# ##.#.##.# #.#.##...###....
#.# #....##.###...##..#..#....
#.# #...#....>##...###.#....#...
#.....#.....###...####.#.....##.


You could see 4 gnolls, a hobgoblin and a bat.

Vanquished Creatures
  An adder (D:2)
  An ooze (D:1)
  A worm (D:2)
  2 dart slugs
  4 leopard geckos
  3 bats (D:1)
  A giant cockroach (D:2)
  4 goblins
  2 hobgoblins
  3 jackals (D:2)
  3 kobolds
  2 rats
27 creatures vanquished.

Notes
Turn   | Place    | Note
-------+----------+-------------------------------------------
     0 | D:1      | LORDOFBUTT the Octopode Assassin began the quest for the Orb.
     0 | D:1      | Reached XP level 1. HP: 14/14 MP: 1/1
   137 | D:1      | Reached XP level 2. HP: 16/19 MP: 2/2
   188 | D:1      | Reached skill level 6 in Stealth
   657 | D:2      | Reached XP level 3. HP: 24/24 MP: 3/3
   823 | D:2      | HP: 1/24 [gnoll/whip (2)]
   826 | D:2      | Slain by a bat

Vault maps used:
D:1:      minmay_arrival_doors, st_stairs_4, minmay_misc_feat_ornament
D:2:      nicolae_overflow_hidden_temple, minmay_misc_feat_chi

Skill      XL: |  1  2 |
---------------+-------+-----
Stealth        | 6 |  6.7
Fighting       | |  2.1
Short Blades   | |  2.6
Throwing       | |  2.0
Dodging        | |  1.1

Action                   || total
-------------------------++-------
Melee: Dagger            ||    60
       Constrict         ||    15
       Tentacles         ||     7
 Fire: Blowgun           ||     2
 Stab: Sleeping          ||     7
Armor: Skin              ||    13
Dodge: Dodged            ||    57
